Workbook
Name D1_Participants10YO: #REF!
Name D1_Participants11YO: #REF!
Name D1_Participants12YO: #REF!
Name D1_Participants13YOA: #REF!
Name D1_Participants6YOU: #REF!
Name D1_Participants7YO: #REF!
Name D1_Participants8YO: #REF!
Name D1_Participants9YO: #REF!

Sheet MeetResults
D1: Age Group | E1: 6 & Under | P1: Date | Q1: 7/23/2017
X2: ABS | Z2: ABS | AA2: ABS | AJ2: ABS | AL2: ABS | AM2: ABS
C3: Age and Gender | E3: 6 & Under Girls | O3: Age and Gender | Q3: 6 & Under Boys | W3: Config | X3: 1 | Y3: ID | Z3: ID | AB3: 1 | AE3: Tied | AG3: Raw | AJ3: 13 | AK3: ID | AL3: ID | AN3: 2 | AQ3: Tied | AS3: Raw
C4: Count | E4: 22 | O4: Count | Q4: 17 | X4: FG | Y4: Final | Z4: Lookup | AD4: Final | AE4: Points | AG4: Points | AJ4: FB | AK4: Final | AL4: Lookup | AP4: Final | AQ4: Points | AS4: Points
C5: Place | D5: 6 & Under Girls | F5: Score | G5: Team | O5: Place | P5: 6 & Under Boys | R5: Score | S5: Team | W5: Place | X5: Score | Y5: H | Z5: H | AA5: V | AB5: Name | AC5: Team | AD5: Points | AE5: H | AF5: V | AG5: H | AH5: V | AI5: Place | AJ5: Score | AK5: H | AL5: H | AM5: V | AN5: Name | AO5: Team | AP5: Points | AQ5: H | AR5: V | AS5: H | AT5: V
C6: 1 | D6: Olivia Berik | F6: 41.65 | G6: HS | O6: 1 | P6: Cristiano Garcia | R6: 51.05 | S6: S | W6: 1 | X6: 41.65 | Y6: H62 | Z6: H62 | AA6: #NUM! | AB6: Olivia Berik | AC6: HS | AD6: 5 | AE6: 5 | AG6: 5 | AI6: 1 | AJ6: 51.05 | AK6: V68 | AL6: #NUM! | AM6: V68 | AN6: Cristiano Garcia | AO6: S | AP6: 5 | AR6: 5 | AT6: 5
C7: 2 | D7: Caroline Berry | F7: 34.05 | G7: RH | O7: 2 | P7: Gabriel Laprise | R7: 45.85 | S7: T | W7: 2 | X7: 34.05 | Y7: H63 | Z7: H63 | AA7: #NUM! | AB7: Caroline Berry | AC7: RH | AD7: 3 | AE7: 3 | AG7: 3 | AI7: 2 | AJ7: 45.85 | AK7: V613 | AL7: #NUM! | AM7: V613 | AN7: Gabriel Laprise | AO7: T | AP7: 3 | AR7: 3 | AT7: 3
C8: 3 | D8: Katelyn Thackaberry | F8: 28.45 | G8: RH | O8: 3 | P8: Jonah Lanthier | R8: 36.9 | S8: WG | W8: 3 | X8: 28.45 | Y8: H623 | Z8: H623 | AA8: #NUM! | AB8: Katelyn Thackaberry | AC8: RH | AD8: 1 | AE8: 1 | AG8: 1 | AI8: 3 | AJ8: 36.9 | AK8: V612 | AL8: #NUM! | AM8: V612 | AN8: Jonah Lanthier | AO8: WG | AP8: 1 | AR8: 1 | AT8: 1
C9: 4 | D9: Brooke Fellow | F9: 27.4 | G9: DL | O9: 4 | P9: Mason Beggs | R9: 32.8 | S9: CB | W9: 4 | X9: 27.4 | Y9: H66 | Z9: H66 | AA9: #NUM! | AB9: Brooke Fellow | AC9: DL | AG9: 0 | AI9: 4 | AJ9: 32.8 | AK9: V63 | AL9: #NUM! | AM9: V63 | AN9: Mason Beggs | AO9: CB | AT9: 0
C10: 5 | D10: Lexi Hintos | F10: 27.15 | G10: OKM | O10: 5 | P10: James Madden | R10: 31 | S10: DR | W10: 5 | X10: 27.15 | Y10: H610 | Z10: H610 | AA10: #NUM! | AB10: Lexi Hintos | AC10: OKM | AG10: 0 | AI10: 5 | AJ10: 31 | AK10: V616 | AL10: #NUM! | AM10: V616 | AN10: James Madden | AO10: DR | AT10: 0
C11: 6 | D11: Anya Osterhout | F11: 25.65 | G11: OKM | O11: 6 | P11: Cole Pointkowski | R11: 30.2 | S11: CH | W11: 6 | X11: 25.65 | Y11: H620 | Z11: H620 | AA11: #NUM! | AB11: Anya Osterhout | AC11: OKM | AG11: 0 | AI11: 6 | AJ11: 30.2 | AK11: V621 | AL11: #NUM! | AM11: V621 | AN11: Cole Pointkowski | AO11: CH | AT11: 0
C12: 7 | D12: Corinne Murphy | F12: 23.3 | G12: CP | O12: 7 | P12: Vikram Murphy | R12: 29.05 | S12: M | W12: 7 | X12: 23.3 | Y12: H619 | Z12: H619 | AA12: #NUM! | AB12: Corinne Murphy | AC12: CP | AG12: 0 | AI12: 7 | AJ12: 29.05 | AK12: V620 | AL12: #NUM! | AM12: V620 | AN12: Vikram Murphy | AO12: M | AT12: 0
C13: T8 | D13: Lena Kaufmann | F13: 23.25 | G13: SHB | O13: 8 | P13: Bennie Lineweaver | R13: 27.6 | S13: DR | W13: 8 | X13: 23.25 | Y13: H613 | Z13: H613 | AA13: #NUM! | AB13: Lena Kaufmann | AC13: SHB | AG13: 0 | AI13: 8 | AJ13: 27.6 | AK13: V614 | AL13: #NUM! | AM13: V614 | AN13: Bennie Lineweaver | AO13: DR | AT13: 0
C14: T8 | D14: Caroline King | F14: 23.25 | G14: KG | O14: 9 | P14: Aiden Mathias | R14: 25.85 | S14: SR | W14: 9 | X14: 23.25 | Y14: H614 | Z14: H614 | AA14: #NUM! | AB14: Caroline King | AC14: KG | AG14: 0 | AI14: 9 | AJ14: 25.85 | AK14: V617 | AL14: #NUM! | AM14: V617 | AN14: Aiden Mathias | AO14: SR | AT14: 0
C15: 10 | D15: Annabelle Levy | F15: 19.95 | G15: SHR | O15: 10 | P15: Ethan Johns | R15: 21 | S15: CP | W15: 10 | X15: 19.95 | Y15: H615 | Z15: H615 | AA15: #NUM! | AB15: Annabelle Levy | AC15: SHR | AG15: 0 | AI15: 10 | AJ15: 21 | AK15: V610 | AL15: #NUM! | AM15: V610 | AN15: Ethan Johns | AO15: CP | AT15: 0
C16: 11 | D16: Mia Gumucio | F16: 19.5 | G16: SHB | O16: 11 | P16: Nate Connelly | R16: 18.9 | S16: SHR | W16: 11 | X16: 19.5 | Y16: H69 | Z16: H69 | AA16: #NUM! | AB16: Mia Gumucio | AC16: SHB | AG16: 0 | AI16: 11 | AJ16: 18.9 | AK16: V67 | AL16: #NUM! | AM16: V67 | AN16: Nate Connelly | AO16: SHR | AT16: 0
C17: 12 | D17: Naomi Floyd | F17: 19.35 | G17: MHC | O17: 12 | P17: Cooper Jaskot | R17: 17.65 | S17: CH | W17: 12 | X17: 19.35 | Y17: H68 | Z17: H68 | AA17: #NUM! | AB17: Naomi Floyd | AC17: MHC | AG17: 0 | AI17: 12 | AJ17: 17.65 | AK17: V69 | AL17: #NUM! | AM17: V69 | AN17: Cooper Jaskot | AO17: CH | AT17: 0
C18: 13 | D18: Sophia Morgan | F18: 18.9 | G18: DL | O18: 13 | P18: Austin Lant | R18: 17 | S18: MHC | W18: 13 | X18: 18.9 | Y18: H618 | Z18: H618 | AA18: #NUM! | AB18: Sophia Morgan | AC18: DL | AG18: 0 | AI18: 13 | AJ18: 17 | AK18: V611 | AL18: #NUM! | AM18: V611 | AN18: Austin Lant | AO18: MHC | AT18: 0
C19: 14 | D19: Maria Coury | F19: 17.3 | G19: DL | O19: 14 | P19: Calvin Butler | R19: 15.25 | S19: CH | W19: 14 | X19: 17.3 | Y19: H65 | Z19: H65 | AA19: #NUM! | AB19: Maria Coury | AC19: DL | AG19: 0 | AI19: 14 | AJ19: 15.25 | AK19: V65 | AL19: #NUM! | AM19: V65 | AN19: Calvin Butler | AO19: CH | AT19: 0
C20: 15 | D20: Sofia Silvester | F20: 16.5 | G20: MHC | O20: 15 | P20: Desmond Morrow | R20: 13.25 | S20: SHR | W20: 15 | X20: 16.5 | Y20: H622 | Z20: H622 | AA20: #NUM! | AB20: Sofia Silvester | AC20: MHC | AG20: 0 | AI20: 15 | AJ20: 13.25 | AK20: V619 | AL20: #NUM! | AM20: V619 | AN20: Desmond Morrow | AO20: SHR | AT20: 0
C21: 16 | D21: Grace Fennell | F21: 15.75 | G21: DL | O21: 16 | P21: Colin Sample | R21: 12.75 | S21: SHR | W21: 16 | X21: 15.75 | Y21: H67 | Z21: H67 | AA21: #NUM! | AB21: Grace Fennell | AC21: DL | AG21: 0 | AI21: 16 | AJ21: 12.75 | AK21: V622 | AL21: #NUM! | AM21: V622 | AN21: Colin Sample | AO21: SHR | AT21: 0
C22: 17 | D22: Maya Bryant | F22: 14.5 | G22: SHR | O22: 17 | P22: Webb Stewart | R22: 11.25 | S22: DL | W22: 17 | X22: 14.5 | Y22: H64 | Z22: H64 | AA22: #NUM! | AB22: Maya Bryant | AC22: SHR | AG22: 0 | AI22: 17 | AJ22: 11.25 | AK22: V624 | AL22: #NUM! | AM22: V624 | AN22: Webb Stewart | AO22: DL | AT22: 0
C23: T18 | D23: Teagan Johns | F23: 14 | G23: CP | W23: 18 | X23: 14 | Y23: H612 | Z23: H612 | AA23: #NUM! | AB23: Teagan Johns | AC23: CP | AG23: 0 | AI23: 18 | AS23: 0 | AT23: 0
C24: T18 | D24: Lily Scherer | F24: 14 | G24: SHR | W24: 19 | X24: 14 | Y24: H621 | Z24: H621 | AA24: #NUM! | AB24: Lily Scherer | AC24: SHR | AG24: 0 | AI24: 19 | AS24: 0 | AT24: 0
C25: 20 | D25: Moira Lummer | F25: 13 | G25: RH | W25: 20 | X25: 13 | Y25: H616 | Z25: H616 | AA25: #NUM! | AB25: Moira Lummer | AC25: RH | AG25: 0 | AI25: 20 | AS25: 0 | AT25: 0
C26: 21 | D26: Aspen Abruzzese | F26: 9.75 | G26: HS | W26: 21 | X26: 9.75 | Y26: H61 | Z26: H61 | AA26: #NUM! | AB26: Aspen Abruzzese | AC26: HS | AG26: 0 | AI26: 21 | AS26: 0 | AT26: 0
C27: 22 | D27: Makena McMahon | F27: 8 | G27: T | W27: 22 | X27: 8 | Y27: H617 | Z27: H617 | AA27: #NUM! | AB27: Makena McMahon | AC27: T | AG27: 0 | AI27: 22 | AS27: 0 | AT27: 0
W28: 51 | AI28: 51
C29: Comments
C30: 0
D36: Age Form | E36: 7 Year Old | P36: Date | Q36: 7/23/2017
X37: ABS | Z37: ABS | AA37: ABS | AJ37: ABS | AL37: ABS | AM37: ABS
C38: Age and Gender | E38: 7 Year Old Girls | O38: Age and Gender | Q38: 7 Year Old Boys | W38: Config | X38: 1 | Y38: ID | Z38: ID | AB38: 1 | AE38: Tied | AG38: Raw | AJ38: 13 | AK38: ID | AL38: ID | AN38: 2 | AQ38: Tied | AS38: Raw
C39: Count | E39: 22 | O39: Count | Q39: 28 | X39: FG | Y39: Final | Z39: Lookup | AD39: Final | AE39: Points | AG39: Points | AJ39: FB | AK39: Final | AL39: Lookup | AP39: Final | AQ39: Points | AS39: Points
C40: Place | D40: 7 Year Old Girls | F40: Score | G40: Team | O40: Place | P40: 7 Year Old Boys | R40: Score | S40: Team | W40: Place | X40: Score | Y40: H | Z40: H | AA40: V | AB40: Name | AC40: Team | AD40: Points | AE40: H | AF40: V | AG40: H | AH40: V | AI40: Place | AJ40: Score | AK40: H | AL40: H | AM40: V | AN40: Name | AO40: Team | AP40: Points | AQ40: H | AR40: V | AS40: H | AT40: V
C41: 1 | D41: Jayde Kalinock | F41: 54.1 | G41: VW | O41: 1 | P41: Madison Worthington | R41: 59.85 | S41: THA | W41: 1 | X41: 54.1 | Y41: H720 | Z41: H720 | AA41: #NUM! | AB41: Jayde Kalinock | AC41: VW | AD41: 5 | AE41: 5 | AG41: 5 | AI41: 1 | AJ41: 59.85 | AK41: V733 | AL41: #NUM! | AM41: V733 | AN41: Madison Worthington | AO41: THA | AP41: 5 | AR41: 5 | AT41: 5
C42: 2 | D42: Carly Schweers | F42: 51.05 | G42: VW | O42: 2 | P42: Colin Gallagher | R42: 50.75 | S42: GF | W42: 2 | X42: 51.05 | Y42: H730 | Z42: H730 | AA42: #NUM! | AB42: Carly Schweers | AC42: VW | AD42: 3 | AE42: 3 | AG42: 3 | AI42: 2 | AJ42: 50.75 | AK42: V79 | AL42: #NUM! | AM42: V79 | AN42: Colin Gallagher | AO42: GF | AP42: 3 | AR42: 3 | AT42: 3
C43: 3 | D43: Madison Allard | F43: 42.3 | G43: LG | O43: 3 | P43: Nate Butler | R43: 49.15 | S43: CH | W43: 3 | X43: 42.3 | Y43: H71 | Z43: H71 | AA43: #NUM! | AB43: Madison Allard | AC43: LG | AD43: 1 | AE43: 1 | AG43: 1 | AI43: 3 | AJ43: 49.15 | AK43: V73 | AL43: #NUM! | AM43: V73 | AN43: Nate Butler | AO43: CH | AP43: 1 | AR43: 1 | AT43: 1
C44: 4 | D44: Zoe Mar | F44: 41.85 | G44: LG | O44: 4 | P44: Cameron Parkhomenko | R44: 44.8 | S44: CB | W44: 4 | X44: 41.85 | Y44: H724 | Z44: H724 | AA44: #NUM! | AB44: Zoe Mar | AC44: LG | AG44: 0 | AI44: 4 | AJ44: 44.8 | AK44: V734 | AL44: #NUM! | AM44: V734 | AN44: Cameron Parkhomenko | AO44: CB | AT44: 0
C45: 5 | D45: Anna Dober | F45: 39.95 | G45: SHR | O45: 5 | P45: Henry Phoel | R45: 44.7 | S45: KG | W45: 5 | X45: 39.95 | Y45: H710 | Z45: H710 | AA45: #NUM! | AB45: Anna Dober | AC45: SHR | AG45: 0 | AI45: 5 | AJ45: 44.7 | AK45: V726 | AL45: #NUM! | AM45: V726 | AN45: Henry Phoel | AO45: KG | AT45: 0
C46: 6 | D46: Kate Gainer | F46: 35.6 | G46: F | O46: 6 | P46: Gordon Anderson | R46: 43.8 | S46: CB | W46: 6 | X46: 35.6 | Y46: H714 | Z46: H714 | AA46: #NUM! | AB46: Kate Gainer | AC46: F | AG46: 0 | AI46: 6 | AJ46: 43.8 | AK46: V72 | AL46: #NUM! | AM46: V72 | AN46: Gordon Anderson | AO46: CB | AT46: 0
C47: 7 | D47: Leah Dober | F47: 35 | G47: SHR | O47: 7 | P47: Liam Shivik | R47: 43.2 | S47: SR | W47: 7 | X47: 35 | Y47: H711 | Z47: H711 | AA47: #NUM! | AB47: Leah Dober | AC47: SHR | AG47: 0 | AI47: 7 | AJ47: 43.2 | AK47: V728 | AL47: #NUM! | AM47: V728 | AN47: Liam Shivik | AO47: SR | AT47: 0
C48: 8 | D48: Izzy Hampton | F48: 34.95 | G48: KG | O48: 8 | P48: Owen Koch | R48: 38.95 | S48: DL | W48: 8 | X48: 34.95 | Y48: H717 | Z48: H717 | AA48: #NUM! | AB48: Izzy Hampton | AC48: KG | AG48: 0 | AI48: 8 | AJ48: 38.95 | AK48: V716 | AL48: #NUM! | AM48: V716 | AN48: Owen Koch | AO48: DL | AT48: 0
C49: 9 | D49: Clara Bruner | F49: 34.7 | G49: F | O49: 9 | P49: Jack Englerth | R49: 38.35 | S49: DR | W49: 9 | X49: 34.7 | Y49: H72 | Z49: H72 | AA49: #NUM! | AB49: Clara Bruner | AC49: F | AG49: 0 | AI49: 9 | AJ49: 38.35 | AK49: V76 | AL49: #NUM! | AM49: V76 | AN49: Jack Englerth | AO49: DR | AT49: 0
C50: 10 | D50: Anna Jungman | F50: 34.5 | G50: DR | O50: 10 | P50: CJ Silva | R50: 38.25 | S50: SHR | W50: 10 | X50: 34.5 | Y50: H719 | Z50: H719 | AA50: #NUM! | AB50: Anna Jungman | AC50: DR | AG50: 0 | AI50: 10 | AJ50: 38.25 | AK50: V729 | AL50: #NUM! | AM50: V729 | AN50: CJ Silva | AO50: SHR | AT50: 0
C51: 11 | D51: Aliyah Goldsmith | F51: 34.4 | G51: KG | O51: 11 | P51: Jake Hedrick | R51: 37.15 | S51: THA | W51: 11 | X51: 34.4 | Y51: H716 | Z51: H716 | AA51: #NUM! | AB51: Aliyah Goldsmith | AC51: KG | AG51: 0 | AI51: 11 | AJ51: 37.15 | AK51: V711 | AL51: #NUM! | AM51: V711 | AN51: Jake Hedrick | AO51: THA | AT51: 0
C52: 12 | D52: Emerson Salerno | F52: 31.55 | G52: KG | O52: 12 | P52: Luke Lauretti | R52: 37.05 | S52: VW | W52: 12 | X52: 31.55 | Y52: H729 | Z52: H729 | AA52: #NUM! | AB52: Emerson Salerno | AC52: KG | AG52: 0 | AI52: 12 | AJ52: 37.05 | AK52: V719 | AL52: #NUM! | AM52: V719 | AN52: Luke Lauretti | AO52: VW | AT52: 0
C53: 13 | D53: Sophie Ratner | F53: 30.55 | G53: DL | O53: 13 | P53: William Watson | R53: 34.65 | S53: CP | W53: 13 | X53: 30.55 | Y53: H728 | Z53: H728 | AA53: #NUM! | AB53: Sophie Ratner | AC53: DL | AG53: 0 | AI53: 13 | AJ53: 34.65 | AK53: V730 | AL53: #NUM! | AM53: V730 | AN53: William Watson | AO53: CP | AT53: 0
C54: 14 | D54: Anna King | F54: 29.3 | G54: KG | O54: 14 | P54: Ben Willett | R54: 33.3 | S54: VW | W54: 14 | X54: 29.3 | Y54: H721 | Z54: H721 | AA54: #NUM! | AB54: Anna King | AC54: KG | AG54: 0 | AI54: 14 | AJ54: 33.3 | AK54: V731 | AL54: #NUM! | AM54: V731 | AN54: Ben Willett | AO54: VW | AT54: 0
C55: T15 | D55: Sophia Manning | F55: 29.15 | G55: VW | O55: T15 | P55: Adam Elfeky | R55: 31.3 | S55: CP | W55: 15 | X55: 29.15 | Y55: H723 | Z55: H723 | AA55: #NUM! | AB55: Sophia Manning | AC55: VW | AG55: 0 | AI55: 15 | AJ55: 31.3 | AK55: V75 | AL55: #NUM! | AM55: V75 | AN55: Adam Elfeky | AO55: CP | AT55: 0
C56: T15 | D56: Sophia Sumner | F56: 29.15 | G56: CH | O56: T15 | P56: Tyler Messina | R56: 31.3 | S56: OAK | W56: 16 | X56: 29.15 | Y56: H733 | Z56: H733 | AA56: #NUM! | AB56: Sophia Sumner | AC56: CH | AG56: 0 | AI56: 16 | AJ56: 31.3 | AK56: V723 | AL56: #NUM! | AM56: V723 | AN56: Tyler Messina | AO56: OAK | AT56: 0
C57: 17 | D57: Jackie Colwill | F57: 27.1 | G57: F | O57: 17 | P57: Peter Madden | R57: 30.95 | S57: DR | W57: 17 | X57: 27.1 | Y57: H76 | Z57: H76 | AA57: #NUM! | AB57: Jackie Colwill | AC57: F | AG57: 0 | AI57: 17 | AJ57: 30.95 | AK57: V721 | AL57: #NUM! | AM57: V721 | AN57: Peter Madden | AO57: DR | AT57: 0
C58: 18 | D58: Laura Prudius | F58: 26.25 | G58: SHB | O58: 18 | P58: Levi Fullen | R58: 29.7 | S58: DH | W58: 18 | X58: 26.25 | Y58: H727 | Z58: H727 | AA58: #NUM! | AB58: Laura Prudius | AC58: SHB | AG58: 0 | AI58: 18 | AJ58: 29.7 | AK58: V77 | AL58: #NUM! | AM58: V77 | AN58: Levi Fullen | AO58: DH | AT58: 0
C59: 19 | D59: Ella Lewyn | F59: 24.05 | G59: CB | O59: 19 | P59: Drake Karsadi | R59: 29.3 | S59: MHC | W59: 19 | X59: 24.05 | Y59: H722 | Z59: H722 | AA59: #NUM! | AB59: Ella Lewyn | AC59: CB | AG59: 0 | AI59: 19 | AJ59: 29.3 | AK59: V715 | AL59: #NUM! | AM59: V715 | AN59: Drake Karsadi | AO59: MHC | AT59: 0
C60: 20 | D60: Ruby Connelly | F60: 23.55 | G60: SHR | O60: 20 | P60: Peter Gado | R60: 28.25 | S60: S | W60: 20 | X60: 23.55 | Y60: H77 | Z60: H77 | AA60: #NUM! | AB60: Ruby Connelly | AC60: SHR | AG60: 0 | AI60: 20 | AJ60: 28.25 | AK60: V78 | AL60: #NUM! | AM60: V78 | AN60: Peter Gado | AO60: S | AT60: 0
C61: 21 | D61: Julia Hassi | F61: 19.5 | G61: CB | O61: 21 | P61: Heath Holley | R61: 26.35 | S61: DR | W61: 21 | X61: 19.5 | Y61: H718 | Z61: H718 | AA61: #NUM! | AB61: Julia Hassi | AC61: CB | AG61: 0 | AI61: 21 | AJ61: 26.35 | AK61: V713 | AL61: #NUM! | AM61: V713 | AN61: Heath Holley | AO61: DR | AT61: 0
C62: 22 | D62: Katie Fedrick | F62: 19 | G62: CP | O62: 22 | P62: Ilan Rotem | R62: 26 | S62: OKM | W62: 22 | X62: 19 | Y62: H713 | Z62: H713 | AA62: #NUM! | AB62: Katie Fedrick | AC62: CP | AG62: 0 | AI62: 22 | AJ62: 26 | AK62: V727 | AL62: #NUM! | AM62: V727 | AN62: Ilan Rotem | AO62: OKM | AT62: 0
O63: 23 | P63: Jake Lewyn | R63: 25.75 | S63: CB | W63: 23 | AG63: 0 | AH63: 0 | AI63: 23 | AJ63: 25.75 | AK63: V720 | AL63: #NUM! | AM63: V720 | AN63: Jake Lewyn | AO63: CB | AT63: 0
O64: 24 | P64: Auden Alvarez | R64: 25.55 | S64: VW | W64: 24 | AG64: 0 | AH64: 0 | AI64: 24 | AJ64: 25.55 | AK64: V71 | AL64: #NUM! | AM64: V71 | AN64: Auden Alvarez | AO64: VW | AT64: 0
O65: 25 | P65: Robbie Lapham | R65: 24.2 | S65: VW | W65: 25 | AG65: 0 | AH65: 0 | AI65: 25 | AJ65: 24.2 | AK65: V718 | AL65: #NUM! | AM65: V718 | AN65: Robbie Lapham | AO65: VW | AT65: 0
O66: 26 | P66: Justin Cafaro | R66: 23.85 | S66: DL | W66: 26 | AG66: 0 | AH66: 0 | AI66: 26 | AJ66: 23.85 | AK66: V74 | AL66: #NUM! | AM66: V74 | AN66: Justin Cafaro | AO66: DL | AT66: 0
O67: 27 | P67: Sam Himmel | R67: 19.15 | S67: DL | W67: 27 | AG67: 0 | AH67: 0 | AI67: 27 | AJ67: 19.15 | AK67: V712 | AL67: #NUM! | AM67: V712 | AN67: Sam Himmel | AO67: DL | AT67: 0
O68: 28 | P68: James Gallagher | R68: 14.75 | S68: DH | W68: 28 | AG68: 0 | AH68: 0 | AI68: 28 | AJ68: 14.75 | AK68: V710 | AL68: #NUM! | AM68: V710 | AN68: James Gallagher | AO68: DH | AT68: 0
W69: 51 | AI69: 51
C70: Comments
C71: 0
D77: Age Form | E77: 8 Year Old | P77: Date | Q77: 7/23/2017
X78: ABS | Z78: ABS | AA78: ABS | AJ78: ABS | AL78: ABS | AM78: ABS
C79: Age and Gender | E79: 8 Year Old Girls | O79: Age and Gender | Q79: 8 Year Old Boys | W79: Config | X79: 1 | Y79: ID | Z79: ID | AB79: 1 | AE79: Tied | AG79: Raw | AJ79: 13 | AK79: ID | AL79: ID | AN79: 2 | AQ79: Tied | AS79: Raw
C80: Count | E80: 28 | O80: Count | Q80: 22 | X80: FG | Y80: Final | Z80: Lookup | AD80: Final | AE80: Points | AG80: Points | AJ80: FB | AK80: Final | AL80: Lookup | AP80: Final | AQ80: Points | AS80: Points
C81: Place | D81: 8 Year Old Girls | F81: Score | G81: Team | O81: Place | P81: 8 Year Old Boys | R81: Score | S81: Team | W81: Place | X81: Score | Y81: H | Z81: H | AA81: V | AB81: Name | AC81: Team | AD81: Points | AE81: H | AF81: V | AG81: H | AH81: V | AI81: Place | AJ81: Score | AK81: H | AL81: H | AM81: V | AN81: Name | AO81: Team | AP81: Points | AQ81: H | AR81: V | AS81: H | AT81: V
C82: 1 | D82: Dani Rothman | F82: 55.2 | G82: CH | O82: 1 | P82: James Hayden | R82: 54.95 | S82: OAK | W82: 1 | X82: 55.2 | Y82: H832 | Z82: H832 | AA82: #NUM! | AB82: Dani Rothman | AC82: CH | AD82: 5 | AE82: 5 | AG82: 5 | AI82: 1 | AJ82: 54.95 | AK82: V811 | AL82: #NUM! | AM82: V811 | AN82: James Hayden | AO82: OAK | AP82: 5 | AR82: 5 | AT82: 5
C83: 2 | D83: Kayleigh McCarthy | F83: 55 | G83: F | O83: 2 | P83: Joseph Mangan | R83: 53.25 | S83: THA | W83: 2 | X83: 55 | Y83: H823 | Z83: H823 | AA83: #NUM! | AB83: Kayleigh McCarthy | AC83: F | AD83: 3 | AE83: 3 | AG83: 3 | AI83: 2 | AJ83: 53.25 | AK83: V817 | AL83: #NUM! | AM83: V817 | AN83: Joseph Mangan | AO83: THA | AP83: 3 | AR83: 3 | AT83: 3
C84: 3 | D84: Anna Fitzgerald | F84: 48.9 | G84: SHR | O84: 3 | P84: Ryan Fitzgerald | R84: 52.4 | S84: THA | W84: 3 | X84: 48.9 | Y84: H813 | Z84: H813 | AA84: #NUM! | AB84: Anna Fitzgerald | AC84: SHR | AD84: 1 | AE84: 1 | AG84: 1 | AI84: 3 | AJ84: 52.4 | AK84: V87 | AL84: #NUM! | AM84: V87 | AN84: Ryan Fitzgerald | AO84: THA | AP84: 1 | AR84: 1 | AT84: 1
C85: 4 | D85: Karly Proulx | F85: 48.45 | G85: SR | O85: 4 | P85: Stewart Bream | R85: 51.85 | S85: CB | W85: 4 | X85: 48.45 | Y85: H828 | Z85: H828 | AA85: #NUM! | AB85: Karly Proulx | AC85: SR | AG85: 0 | AI85: 4 | AJ85: 51.85 | AK85: V82 | AL85: #NUM! | AM85: V82 | AN85: Stewart Bream | AO85: CB | AT85: 0
C86: 5 | D86: Carly Nusbaum | F86: 48.1 | G86: VW | O86: 5 | P86: Chase Pointkowski | R86: 51.45 | S86: CH | W86: 5 | X86: 48.1 | Y86: H825 | Z86: H825 | AA86: #NUM! | AB86: Carly Nusbaum | AC86: VW | AG86: 0 | AI86: 5 | AJ86: 51.45 | AK86: V822 | AL86: #NUM! | AM86: V822 | AN86: Chase Pointkowski | AO86: CH | AT86: 0
C87: 6 | D87: Sarah Winston | F87: 46.8 | G87: HS | O87: 6 | P87: Nate Beck | R87: 50.35 | S87: CH | W87: 6 | X87: 46.8 | Y87: H837 | Z87: H837 | AA87: #NUM! | AB87: Sarah Winston | AC87: HS | AG87: 0 | AI87: 6 | AJ87: 50.35 | AK87: V81 | AL87: #NUM! | AM87: V81 | AN87: Nate Beck | AO87: CH | AT87: 0
C88: 7 | D88: Asha Stewart | F88: 42.9 | G88: DL | O88: 7 | P88: Cole Conques | R88: 48.7 | S88: OKM | W88: 7 | X88: 42.9 | Y88: H836 | Z88: H836 | AA88: #NUM! | AB88: Asha Stewart | AC88: DL | AG88: 0 | AI88: 7 | AJ88: 48.7 | AK88: V84 | AL88: #NUM! | AM88: V84 | AN88: Cole Conques | AO88: OKM | AT88: 0
C89: 8 | D89: Juliet Adye | F89: 42.3 | G89: SHR | O89: 8 | P89: Jonathan Logan | R89: 47.9 | S89: CB | W89: 8 | X89: 42.3 | Y89: H81 | Z89: H81 | AA89: #NUM! | AB89: Juliet Adye | AC89: SHR | AG89: 0 | AI89: 8 | AJ89: 47.9 | AK89: V815 | AL89: #NUM! | AM89: V815 | AN89: Jonathan Logan | AO89: CB | AT89: 0
C90: 9 | D90: Gabriella Ferrari | F90: 42.1 | G90: SHR | O90: 9 | P90: Dylan Seagren | R90: 46.3 | S90: SR | W90: 9 | X90: 42.1 | Y90: H811 | Z90: H811 | AA90: #NUM! | AB90: Gabriella Ferrari | AC90: SHR | AG90: 0 | AI90: 9 | AJ90: 46.3 | AK90: V826 | AL90: #NUM! | AM90: V826 | AN90: Dylan Seagren | AO90: SR | AT90: 0
C91: 10 | D91: Louise Fitzgerald | F91: 42 | G91: SHR | O91: 10 | P91: Jay Lineweaver | R91: 41.9 | S91: DR | W91: 10 | X91: 42 | Y91: H814 | Z91: H814 | AA91: #NUM! | AB91: Louise Fitzgerald | AC91: SHR | AG91: 0 | AI91: 10 | AJ91: 41.9 | AK91: V814 | AL91: #NUM! | AM91: V814 | AN91: Jay Lineweaver | AO91: DR | AT91: 0
C92: 11 | D92: Rebecca Rothman | F92: 39.85 | G92: CH | O92: 11 | P92: Leo Nolan | R92: 38.8 | S92: HSC | W92: 11 | X92: 39.85 | Y92: H833 | Z92: H833 | AA92: #NUM! | AB92: Rebecca Rothman | AC92: CH | AG92: 0 | AI92: 11 | AJ92: 38.8 | AK92: V819 | AL92: #NUM! | AM92: V819 | AN92: Leo Nolan | AO92: HSC | AT92: 0
C93: 12 | D93: Allison Larmee | F93: 39 | G93: CB | O93: 12 | P93: Charlie Warren | R93: 36.1 | S93: OAK | W93: 12 | X93: 39 | Y93: H821 | Z93: H821 | AA93: #NUM! | AB93: Allison Larmee | AC93: CB | AG93: 0 | AI93: 12 | AJ93: 36.1 | AK93: V832 | AL93: #NUM! | AM93: V832 | AN93: Charlie Warren | AO93: OAK | AT93: 0
C94: 13 | D94: Hannah Ritchie | F94: 38.15 | G94: MHC | O94: 13 | P94: Charlie Sundius | R94: 32.9 | S94: KG | W94: 13 | X94: 38.15 | Y94: H830 | Z94: H830 | AA94: #NUM! | AB94: Hannah Ritchie | AC94: MHC | AG94: 0 | AI94: 13 | AJ94: 32.9 | AK94: V828 | AL94: #NUM! | AM94: V828 | AN94: Charlie Sundius | AO94: KG | AT94: 0
C95: 14 | D95: Cassie Hawthorne | F95: 36.1 | G95: HV | O95: 14 | P95: Brody McMahon | R95: 30.35 | S95: T | W95: 14 | X95: 36.1 | Y95: H815 | Z95: H815 | AA95: #NUM! | AB95: Cassie Hawthorne | AC95: HV | AG95: 0 | AI95: 14 | AJ95: 30.35 | AK95: V818 | AL95: #NUM! | AM95: V818 | AN95: Brody McMahon | AO95: T | AT95: 0
C96: 15 | D96: Blaine Yared | F96: 35.4 | G96: OKM | O96: 15 | P96: Matthew Fortunato | R96: 29.9 | S96: OAK | W96: 15 | X96: 35.4 | Y96: H838 | Z96: H838 | AA96: #NUM! | AB96: Blaine Yared | AC96: OKM | AG96: 0 | AI96: 15 | AJ96: 29.9 | AK96: V88 | AL96: #NUM! | AM96: V88 | AN96: Matthew Fortunato | AO96: OAK | AT96: 0
... C103: 22 | D103: Ella Jaskot | F103: 26.4 | G103: CH | O103: 22 | P103: Troy Burnette | R103: 25.5 | S103: GF | W103: 22 | X103: 26.4 | Y103: H818 | Z103: H818 | AA103: #NUM! | AB103: Ella Jaskot | AC103: CH | AG103: 0 | AI103: 22 | AJ103: 25.5 | AK103: V83 | AL103: #NUM! | AM103: V83 | AN103: Troy Burnette | AO103: GF | AT103: 0
C104: 23 | D104: Fiona Mulcahy | F104: 24.4 | G104: OKM | W104: 23 | X104: 24.4 | Y104: H824 | Z104: H824 | AA104: #NUM! | AB104: Fiona Mulcahy | AC104: OKM | AG104: 0 | AI104: 23 | AS104: 0 | AT104: 0
C105: 24 | D105: Sarah deVore | F105: 23.5 | G105: LG | W105: 24 | X105: 23.5 | Y105: H89 | Z105: H89 | AA105: #NUM! | AB105: Sarah deVore | AC105: LG | AG105: 0 | AI105: 24 | AS105: 0 | AT105: 0
C106: 25 | D106: Larissah Rhein | F106: 20.75 | G106: M | W106: 25 | X106: 20.75 | Y106: H829 | Z106: H829 | AA106: #NUM! | AB106: Larissah Rhein | AC106: M | AG106: 0 | AI106: 25 | AS106: 0 | AT106: 0
C107: 26 | D107: Maddie Posner | F107: 19.75 | G107: F | W107: 26 | X107: 19.75 | Y107: H826 | Z107: H826 | AA107: #NUM! | AB107: Maddie Posner | AC107: F | AG107: 0 | AI107: 26 | AS107: 0 | AT107: 0
C108: 27 | D108: Jenna Blair | F108: 18.95 | G108: RH | W108: 27 | X108: 18.95 | Y108: H85 | Z108: H85 | AA108: #NUM! | AB108: Jenna Blair | AC108: RH | AG108: 0 | AI108: 27 | AS108: 0 | AT108: 0
C109: 28 | D109: Addison Dunlap | F109: 11 | G109: S | W109: 28 | X109: 11 | Y109: H810 | Z109: H810 | AA109: #NUM! | AB109: Addison Dunlap | AC109: S | AG109: 0 | AI109: 28 | AS109: 0 | AT109: 0
W110: 51 | AI110: 51
C111: Comments
C112: 0
D118: Age Form | E118: 9 Year Old | P118: Date | Q118: 7/23/2017
X119: ABS | Z119: ABS | AA119: ABS | AJ119: ABS | AL119: ABS | AM119: ABS
C120: Age and Gender | E120: 9 Year Old Girls | O120: Age and Gender | Q120: 9 Year Old Boys | W120: Config | X120: 1 | Y120: ID | Z120: ID | AB120: 1 | AE120: Tied | AG120: Raw | AJ120: 13 | AK120: ID | AL120: ID | AN120: 2 | AQ120: Tied | AS120: Raw
C121: Count | E121: 23 | O121: Count | Q121: 26 | X121: FG | Y121: Final | Z121: Lookup | AD121: Final | AE121: Points | AG121: Points | AJ121: FB | AK121: Final | AL121: Lookup | AP121: Final | AQ121: Points | AS121: Points
...

Sheet Lookup-Schedule
A1: =IFERROR(__xludf.DUMMYFUNCTION("importrange(""https://docs.google.com/a/marlinmultimedia.com/spreadsheets/d/1oSDZlRpKI1Rl18gp2l040IpPIw0MfV9v42_cGvRLN3k/edit"",""Lookup-schedule-""&$R$1&""!a1:l50"")"),"") | C1: Visitor | E1: Home | I1: Home | J1: Visitor | K1: Schedule Link: | L1: http://dive.mynvsl.com/schedules?year=2017 | Q1: Display Schedule: | R1: 20170705
C3: 42921
C4: #REF!
A5: 1 | C5: Division I
A6: 11 | C6: Mansion House | D6: at | E6: Overlee | F6: 0.75 | G6: MAP | I6: O-Overlee | J6: MHC-Mansion House
A7: 12 | C7: Vienna Woods | D7: at | E7: Dunn Loring | F7: 0.75 | G7: MAP | I7: DL-Dunn Loring | J7: VW-Vienna Woods
A8: 13 | C8: Sideburn Run | D8: at | E8: Walden Glen | F8: 0.75 | G8: MAP | I8: WG-Walden Glen | J8: SR-Sideburn Run
A9: 2 | C9: Division II
A10: 21 | C10: Tuckahoe | D10: at | E10: Lee-Graham | F10: 0.75 | G10: MAP | I10: LG-Lee Graham | J10: T-Tuckahoe
A11: 22 | C11: Old Keene Mill | D11: at | E11: Truro | F11: 0.75 | G11: MAP | I11: THA-Truro Homes Assn | J11: OKM-Old Keene Mill
A12: 23 | C12: Pinecrest | D12: at | E12: Crosspointe | F12: 0.75 | G12: MAP | I12: CP-Crosspointe | J12: PC-Pinecrest
A13: 3 | C13: Division III
A14: 31 | C14: Hayfield Farm | D14: at | E14: Mantua | F14: 0.75 | G14: MAP | I14: M-Mantua | J14: HF-Hayfield Farm
A15: 32 | C15: Chesterbrook | D15: at | E15: Arlington Forest | F15: 0.75 | G15: MAP | I15: AF-Arlington Forest | J15: CB-Chesterbrook
A16: 33 | C16: Sleepy Hollow B & R | D16: at | E16: Oakton | F16: 0.75 | G16: MAP | I16: OAK-Oakton | J16: SHB-Sleepy Hollow Bath
A17: 4 | C17: Division IV
A18: 41 | C18: Fairfax | D18: at | E18: Camelot | F18: 0.75 | G18: MAP | I18: CCC-Camelot Community Club | J18: F-Fairfax
A19: 42 | C19: Dominion Hills | D19: at | E19: Highland Park | F19: 0.75 | G19: MAP | I19: HP-Highland Park | J19: DH-Dominion Hills
A20: 43 | C20: Cardinal Hill | D20: at | E20: Great Falls | F20: 0.75 | G20: MAP | I20: GF-Great Falls | J20: CH-Cardinal Hill
A21: 5 | C21: Division V
A22: 51 | C22: Wakefield Chapel | D22: at | E22: Woodley | F22: 0.75 | G22: MAP | I22: W-Woodley | J22: WC-Wakefield Chapel
A23: 52 | C23: Kent Gardens | D23: at | E23: Greenbriar | F23: 0.75 | G23: MAP | I23: GB-Greenbriar | J23: KG-Kent Gardens
A24: 53 | C24: Lakeview | D24: at | E24: Hamlet | F24: 0.75 | G24: MAP | I24: HSC-Hamlet Swim | J24: LV-Lakeview
A25: 6 | C25: Division VI
A26: 61 | C26: Donaldson Run | D26: at | E26: Highlands Swim | F26: 0.75 | G26: MAP | I26: HS-Highlands Swim | J26: DR-Donaldson Run
A27: 62 | C27: North Springfield | D27: at | E27: Sleepy Hollow Rec | F27: 0.75 | G27: MAP | I27: SHR-Sleepy Hollow Rec | J27: NS-North Springfield
A28: 63 | C28: Orange Hunt | D28: at | E28: Stratford | F28: 0.75 | G28: MAP | I28: SRA-Stratford Rec Association | J28: OH-Orange Hunt
A29: 7 | C29: Division VII
A30: 71 | C30: Hunt Valley | D30: at | E30: Ilda Community | F30: 0.75 | G30: MAP | I30: IC-Ilda Community | J30: HV-Hunt Valley
A31: 72 | C31: Commonwealth | D31: at | E31: Ravensworth Farm | F31: 0.75 | G31: MAP | I31: R-Ravensworth Farm | J31: CSC-Commonwealth Swim Club
A32: 73 | C32: Fairfax Station | D32: at | E32: Rolling Hills | F32: 0.75 | G32: MAP | I32: RH-Rolling Hills | J32: FS-Fairfax Station
A33: 8 | C33: Division VIII
A34: 81 | C34: BYE | D34: at | E34: Rutherford | F34: 0.75 | G34: MAP | I34: RFD-Rutherford | J34: BYE-Bye
A35: 82 | C35: Annandale | D35: at | E35: Springboard | F35: 0.75 | G35: MAP | I35: SB-Springboard Recreration Club | J35: A-Annandale
A36: 83 | C36: Springfield | D36: at | E36: Parliament | F36: 0.75 | G36: MAP | I36: PAR-Parliament | J36: S-Springfield

Sheet Lookup-ClubData
A1: =IFERROR(__xludf.DUMMYFUNCTION("importrange(""https://docs.google.com/a/marlinmultimedia.com/spreadsheets/d/1oSDZlRpKI1Rl18gp2l040IpPIw0MfV9v42_cGvRLN3k/edit"",""Lookup-ClubData!a1:f150"")"),"Division") -> Division | B1: TeamCode | C1: TeamCodeDropdown | D1: TeamName | E1: Nickname | F1: TeamCodeLookup | G1: =IFERROR(__xludf.DUMMYFUNCTION("importrange(""https://docs.google.com/a/marlinmultimedia.com/spreadsheets/d/1oSDZlRpKI1Rl18gp2l040IpPIw0MfV9v42_cGvRLN3k/edit"",""Lookup-ClubData!g1:g50"")"),"ContactName") -> ContactName | H1: =IFERROR(__xludf.DUMMYFUNCTION("importrange(""https://docs.google.com/a/marlinmultimedia.com/spreadsheets/d/1oSDZlRpKI1Rl18gp2l040IpPIw0MfV9v42_cGvRLN3k/edit"",""Lookup-ClubData!k1:k50"")"),"Contact2Name") -> Contact2Name | I1: =IFERROR(__xludf.DUMMYFUNCTION("importrange(""https://docs.google.com/a/marlinmultimedia.com/spreadsheets/d/1oSDZlRpKI1Rl18gp2l040IpPIw0MfV9v42_cGvRLN3k/edit"",""Lookup-ClubData!o1:o50"")"),"Contact3Name") -> Contact3Name
A2: 8 | B2: A | C2: A-Annandale | D2: Annandale | E2: Annandale | F2: A-Annandale | G2: Rae Tran
A3: 3 | B3: AF | C3: AF-Arlington Forest | D3: Arlington Forest | E3: Arlington Forest | F3: AF-Arlington Forest | G3: Laura Smialowicz | H3: Tom Smialowicz
A4: 3 | B4: CB | C4: CB-Chesterbrook | D4: Chesterbrook | E4: Chesterbrook | F4: CB-Chesterbrook | G4: Marie Keough | H4: Katy Beach | I4: Dave Troskey
A5: 4 | B5: CCC | C5: CCC-Camelot Community Club | D5: Camelot Community Club | E5: Camelot | F5: CCC-Camelot Community Club | G5: Cathy Hurkamp | H5: Brenda Greene
A6: 4 | B6: CH | C6: CH-Cardinal Hill | D6: Cardinal Hill | E6: Cardinal Hill | F6: CH-Cardinal Hill | G6: Michelle Butler | H6: Tricia Rizzo | I6: Ilana Feuchter
A7: 2 | B7: CP | C7: CP-Crosspointe | D7: Crosspointe | E7: Crosspointe | F7: CP-Crosspointe | G7: Ann Powell | H7: George Harbort
A8: 7 | B8: CSC | C8: CSC-Commonwealth Swim Club | D8: Commonwealth Swim Club | E8: Commonwealth | F8: CSC-Commonwealth Swim Club | G8: Kendra Altmann-Gross | H8: Linda Jackson | I8: Jessica Flinn
A9: 4 | B9: DH | C9: DH-Dominion Hills | D9: Dominion Hills | E9: Dominion Hills | F9: DH-Dominion Hills | G9: Angela DiBenigno | H9: Thomas Joyce
A10: 1 | B10: DL | C10: DL-Dunn Loring | D10: Dunn Loring | E10: Dunn Loring | F10: DL-Dunn Loring | G10: Sonya Marsden | H10: Tracy Bloom
A11: 6 | B11: DR | C11: DR-Donaldson Run | D11: Donaldson Run | E11: Donaldson Run | F11: DR-Donaldson Run | G11: Marilyn Judson | H11: Kay Hart
A12: 4 | B12: F | C12: F-Fairfax | D12: Fairfax | E12: Fairfax | F12: F-Fairfax | G12: Cathy Ottomanelli | I12: Mary Stinnett
A13: 7 | B13: FS | C13: FS-Fairfax Station | D13: Fairfax Station | E13: Fairfax Station | F13: FS-Fairfax Station | G13: Paige Schuppin | H13: Leann Parente
A14: 5 | B14: GB | C14: GB-Greenbriar | D14: Greenbriar | E14: Greenbriar | F14: GB-Greenbriar | G14: Rich McFadden | H14: Tim Metzinger | I14: Jaane McFadden
A15: 4 | B15: GF | C15: GF-Great Falls | D15: Great Falls | E15: Great Falls | F15: GF-Great Falls | G15: Amy Vroom | H15: Pam Torok
A16: 3 | B16: HF | C16: HF-Hayfield Farm | D16: Hayfield Farm | E16: Hayfield Farm | F16: HF-Hayfield Farm | G16: Donna Fillman | I16: Mike Schaeffer
A17: 4 | B17: HP | C17: HP-Highland Park | D17: Highland Park | E17: Highland Park | F17: HP-Highland Park | G17: Rachel Townsend
A18: 6 | B18: HS | C18: HS-Highlands Swim | D18: Highlands Swim | E18: Highlands Swim | F18: HS-Highlands Swim | G18: Neil Wills
A19: 5 | B19: HSC | C19: HSC-Hamlet Swim | D19: Hamlet Swim | E19: Hamlet | F19: HSC-Hamlet Swim | G19: Bill Hauda | H19: Karen Hauda | I19: Linda McElligott
A20: 7 | B20: HV | C20: HV-Hunt Valley | D20: Hunt Valley | E20: Hunt Valley | F20: HV-Hunt Valley | G20: Julie Ericson | H20: Mary Gelbach | I20: Doug Gelbach
A21: 7 | B21: IC | C21: IC-Ilda Community | D21: Ilda Community | E21: Ilda Community | F21: IC-Ilda Community | G21: James Murray | H21: Maureen Bush
A22: 5 | B22: KG | C22: KG-Kent Gardens | D22: Kent Gardens | E22: Kent Gardens | F22: KG-Kent Gardens | G22: Malia Asfour | H22: Claudia Tielking | I22: Teresa Mattick
A23: 2 | B23: LG | C23: LG-Lee Graham | D23: Lee Graham | E23: Lee-Graham | F23: LG-Lee Graham | G23: Scott Friedman | H23: Peggy Di Scipio
A24: 5 | B24: LV | C24: LV-Lakeview | D24: Lakeview | E24: Lakeview | F24: LV-Lakeview | G24: Lori O’Dea | H24: Ann Hardman | I24: Betty Koo
A25: 3 | B25: M | C25: M-Mantua | D25: Mantua | E25: Mantua | F25: M-Mantua | G25: Ena Murphy | H25: Arlene Pripeton | I25: Kristi Pohland
A26: 1 | B26: MHC | C26: MHC-Mansion House | D26: Mansion House | E26: Mansion House | F26: MHC-Mansion House | H26: Karen Lant
A27: 6 | B27: NS | C27: NS-North Springfield | D27: North Springfield | E27: North Springfield | F27: NS-North Springfield | G27: Dana Cibulski | H27: Celeste Leyhe | I27: Bernadette Reilly
A28: 1 | B28: O | C28: O-Overlee | D28: Overlee | E28: Overlee | F28: O-Overlee | G28: Ravena Creedon | H28: Tammy Stoker
A29: 3 | B29: OAK | C29: OAK-Oakton | D29: Oakton | E29: Oakton | F29: OAK-Oakton | G29: Mark Klopfenstein | H29: Lisa Vaughan
A30: 6 | B30: OH | C30: OH-Orange Hunt | D30: Orange Hunt | E30: Orange Hunt | F30: OH-Orange Hunt | G30: Linda Ruff | H30: Sarah Wolfe
A31: 2 | B31: OKM | C31: OKM-Old Keene Mill | D31: Old Keene Mill | E31: Old Keene Mill | F31: OKM-Old Keene Mill | G31: Kathy Pape | H31: Pat Shipman
A32: 8 | B32: PAR | C32: PAR-Parliament | D32: Parliament | E32: Parliament | F32: PAR-Parliament | G32: Kate Anderson
A33: 2 | B33: PC | C33: PC-Pinecrest | D33: Pinecrest | E33: Pinecrest | F33: PC-Pinecrest | G33: Kathy Brown | H33: Jody Lawrence
A34: 7 | B34: R | C34: R-Ravensworth Farm | D34: Ravensworth Farm | E34: Ravensworth Farm | F34: R-Ravensworth Farm | G34: Heather Vogus
A35: 8 | B35: RFD | C35: RFD-Rutherford | D35: Rutherford | E35: Rutherford | F35: RFD-Rutherford | G35: Chris Wade | H35: Stacy Wade
A36: 7 | B36: RH | C36: RH-Rolling Hills | D36: Rolling Hills | E36: Rolling Hills | F36: RH-Rolling Hills | G36: Becky Schulz
A37: 8 | B37: S | C37: S-Springfield | D37: Springfield | E37: Springfield | F37: S-Springfield | G37: Denise Steene | H37: Heather Bogstad | I37: Raphaela O'Brien
A38: 8 | B38: SB | C38: SB-Springboard Recreration Club | D38: Springboard Recreration Club | E38: Springboard | F38: SB-Springboard Recreration Club | G38: Carol Davis | H38: Carylin Waterval
A39: 3 | B39: SHB | C39: SHB-Sleepy Hollow Bath | D39: Sleepy Hollow Bath | E39: Sleepy Hollow B & R | F39: SHB-Sleepy Hollow Bath | G39: Amy King | H39: Kendra Martin
A40: 6 | B40: SHR | C40: SHR-Sleepy Hollow Rec | D40: Sleepy Hollow Rec | E40: Sleepy Hollow Rec | F40: SHR-Sleepy Hollow Rec | G40: Sheri Crotty | H40: Mike Crotty
A41: 1 | B41: SR | C41: SR-Sideburn Run | D41: Sideburn Run | E41: Sideburn Run | F41: SR-Sideburn Run | G41: Mike Summersgill | H41: Marian Littleton
A42: 6 | B42: SRA | C42: SRA-Stratford Rec Association | D42: Stratford Rec Association | E42: Stratford | F42: SRA-Stratford Rec Association | G42: Peggy Dinkel
A43: 2 | B43: T | C43: T-Tuckahoe | D43: Tuckahoe | E43: Tuckahoe | F43: T-Tuckahoe | G43: Jennifer Murray | H43: Araceli Anciola | I43: Sarah Raman
A44: 2 | B44: THA | C44: THA-Truro Homes Assn | D44: Truro Homes Assn | E44: Truro | F44: THA-Truro Homes Assn | G44: Kathie Burgess | H44: Jeff Cleveland
A45: 1 | B45: VW | C45: VW-Vienna Woods | D45: Vienna Woods | E45: Vienna Woods | F45: VW-Vienna Woods | G45: Lisa Campbell | H45: Linda Khan
A46: 5 | B46: W | C46: W-Woodley | D46: Woodley | E46: Woodley | F46: W-Woodley | G46: Leddyanne Dell | H46: Lesya Yeatman
A47: 5 | B47: WC | C47: WC-Wakefield Chapel | D47: Wakefield Chapel | E47: Wakefield Chapel | F47: WC-Wakefield Chapel | G47: Courtney Collins | H47: Izabella Thomas | I47: Courtney Collins
A48: 1 | B48: WG | C48: WG-Walden Glen | D48: Walden Glen | E48: Walden Glen | F48: WG-Walden Glen | G48: Ann Lipton | H48: Paul Rabe | I48: Julie Fowler
B49: BYE | C49: BYE-Bye | D49: Bye | E49: BYE | F49: BYE-Bye

Sheet Lookup-DiverRoster
A1: =IFERROR(__xludf.DUMMYFUNCTION("importrange(""https://docs.google.com/a/marlinmultimedia.com/spreadsheets/d/1oSDZlRpKI1Rl18gp2l040IpPIw0MfV9v42_cGvRLN3k/edit"",""Lookup-Diver-Secure!$i$1:$af$2000"")"),"!DiverTeam: 1860 Entries") -> !DiverTeam: 1860 Entries | B1: !DiverName: 1860 Entries | C1: !DiverAgeOn61: 1860 Entries | D1: DiverGender: 1860 Entries G:1018 B:842 | E1: !Calculated DiverEvent F:984 J:407 I:257 S:212 #N/A:0 | F1: Calculated DiveUpEvent | G1: Division Lookup | H1: Club Lookup | I1: Dual Meets Diver Completed | J1: Diver Dual-Meet 1-4 High Score | K1: 06/27/17 Dual Meet Results | M1: 07/05/17 Dual Meet Results | O1: 07/11/17 Dual Meet Results | Q1: 07/18/17 Dual Meet Results | S1: 07/25/17 Dual Meet Results | U1: 07/23/17 CJ Meet Results | V1: 07/25/17 Will Dive at CJ? Y/N: 411 | W1: 07/30/17 Will Dive at Divs? Y/N: 665 | X1: 08/06/17 Will Dive at All Stars? Y/N: 149
A2: !DO NOT DELETE
A3: A | B3: Ben Tran | C3: 8 | D3: B | E3: F | F3: J | G3: 8 | H3: A | I3: 4 | J3: 38.8 | M3: 38.8 | O3: 27.05 | Q3: 33.25 | S3: 27.05 | W3: Y
A4: A | B4: Brian Tran | C4: 10 | D4: B | E4: F | F4: J | G4: 8 | H4: A | I4: 4 | J4: 34.45 | M4: 33.8 | O4: 34.45 | Q4: 29.35 | S4: 35.2 | W4: Y
A5: A | B5: Cody Tran | C5: 8 | D5: B | E5: F | F5: J | G5: 8 | H5: A | I5: 4 | J5: 19.7 | M5: 14.55 | O5: 12 | Q5: 19.7 | S5: 19.8 | W5: Y
A6: A | B6: Bridget Bushman | C6: 10 | D6: G | E6: F | F6: J | G6: 8 | H6: A | I6: 3 | J6: 42.55 | M6: 42.55 | O6: 34.6 | S6: 38.55 | W6: Y
A7: A | B7: Celine Tran | C7: 7 | D7: G | E7: F | F7: J | G7: 8 | H7: A | I7: 3 | J7: 25.2 | O7: 25.2 | Q7: 10.5 | S7: 22.1 | W7: Y
A8: A | B8: Crystal Tran | C8: 10 | D8: G | E8: F | F8: J | G8: 8 | H8: A | I8: 4 | J8: 37.1 | M8: 34.75 | O8: 32.15 | Q8: 37.1 | S8: 36.75 | W8: Y
A9: A | B9: Jolie Nguyen | C9: 9 | D9: G | E9: F | F9: J | G9: 8 | H9: A | I9: 3 | J9: 41.1 | M9: 37.7 | O9: 41.1 | S9: 43.05 | W9: Y
A10: A | B10: Anna Bushman | C10: 13 | D10: G | E10: I | F10: S | G10: 8 | H10: A | I10: 3 | J10: 140.25 | M10: 117.25 | O10: 140.25 | S10: 115.65 | W10: Y | X10: Y
A11: A | B11: Lillian Mills | C11: 14 | D11: G | E11: I | F11: S | G11: 8 | H11: A | I11: 0 | J11: 0
A12: A | B12: Rachel Tran | C12: 14 | D12: G | E12: I | F12: S | G12: 8 | H12: A | I12: 4 | J12: 182.3 | M12: 154.4 | O12: 182.3 | Q12: 171.75 | S12: 139.35 | W12: Y | X12: Y
A13: A | B13: Darren Nguyen | C13: 11 | D13: B | E13: J | F13: I | G13: 8 | H13: A | I13: 3 | J13: 57.85 | M13: 57.85 | O13: 54.35 | S13: 39.65 | W13: Y
A14: A | B14: Matthew Tran | C14: 12 | D14: B | E14: J | F14: I | G14: 8 | H14: A | I14: 0 | J14: 0
A15: A | B15: Nathan Tran | C15: 11 | D15: B | E15: J | F15: I | G15: 8 | H15: A | I15: 4 | J15: 129.2 | M15: 92.75 | O15: 119.85 | Q15: 129.2 | S15: 126.25 | W15: Y | X15: Y
A16: A | B16: Charlie Jacoby | C16: 15 | D16: B | E16: S | F16: S | G16: 8 | H16: A | I16: 4 | J16: 104.4 | M16: 104.4 | O16: 89.2 | Q16: 95.55 | S16: 71.55 | W16: Y
A17: AF | B17: Alex Hans | C17: 9 | D17: B | E17: F | F17: J | G17: 3 | H17: AF | I17: 4 | J17: 78.25 | K17: 68.25 | M17: 72.9 | O17: 78.25 | S17: 82.3 | W17: Y | X17: Y
A18: AF | B18: Banks Buergler | C18: 6 | D18: B | E18: F | F18: J | G18: 3 | H18: AF | I18: 2 | J18: 38.3 | Q18: 38.3 | S18: 32.8
A19: AF | B19: Billy Hans | C19: 8 | D19: B | E19: F | F19: J | G19: 3 | H19: AF | I19: 5 | J19: 78.3 | K19: 71.15 | M19: 63.6 | O19: 61.15 | Q19: 78.3 | S19: 59.1 | W19: Y
A20: AF | B20: Connor Hogan | C20: 8 | D20: B | E20: F | F20: J | G20: 3 | H20: AF | I20: 1 | J20: 35.7 | O20: 35.7
A21: AF | B21: Greyson Schroeher | C21: 9 | D21: B | E21: F | F21: J | G21: 3 | H21: AF | I21: 0 | J21: 0
A22: AF | B22: Henry Smialowicz | C22: 10 | D22: B | E22: F | F22: J | G22: 3 | H22: AF | I22: 2 | J22: 46.65 | M22: 46.65 | S22: 55.1
A23: AF | B23: Ian Dowler | C23: 9 | D23: B | E23: F | F23: J | G23: 3 | H23: AF | I23: 0 | J23: 0
A24: AF | B24: Jack Kandies | C24: 7 | D24: B | E24: F | F24: J | G24: 3 | H24: AF | I24: 1 | J24: 0 | S24: 27.35
A25: AF | B25: Liam Keish | C25: 10 | D25: B | E25: F | F25: J | G25: 3 | H25: AF | I25: 4 | J25: 42.75 | M25: 42.75 | O25: 38.25 | Q25: 30.3 | S25: 50.15
A26: AF | B26: Mark Bjorn | C26: 8 | D26: B | E26: F | F26: J | G26: 3 | H26: AF | I26: 5 | J26: 54.45 | K26: 47.1 | M26: 50.9 | O26: 52.1 | Q26: 54.45 | S26: 53 | W26: Y
A27: AF | B27: William Mount | C27: 10 | D27: B | E27: F | F27: J | G27: 3 | H27: AF | I27: 0 | J27: 0
A28: AF | B28: Ada Jordan | C28: 9 | D28: G | E28: F | F28: J | G28: 3 | H28: AF | I28: 4 | J28: 51.55 | K28: 49.05 | M28: 51.55 | O28: 47.1 | S28: 57.6
A29: AF | B29: Addison Hans | C29: 9 | D29: G | E29: F | F29: J | G29: 3 | H29: AF | I29: 5 | J29: 60.95 | K29: 55.5 | M29: 55.25 | O29: 52.4 | Q29: 60.95 | S29: 60.55 | W29: Y
A30: AF | B30: Annie Madden | C30: 10 | D30: G | E30: F | F30: J | G30: 3 | H30: AF | I30: 3 | J30: 57.2 | M30: 57.2 | O30: 53.8 | S30: 59.65 | W30: Y
A31: AF | B31: Caroline Mason | C31: 10 | D31: G | E31: F | F31: J | G31: 3 | H31: AF | I31: 5 | J31: 62.05 | K31: 52.15 | M31: 52.8 | O31: 55.7 | Q31: 62.05 | S31: 57.75 | W31: Y | X31: Y
A32: AF | B32: Claire Bella Polsinelli | C32: 6 | D32: G | E32: F | F32: J | G32: 3 | H32: AF | I32: 0 | J32: 0
A33: AF | B33: Julia Green | C33: 8 | D33: G | E33: F | F33: J | G33: 3 | H33: AF | I33: 3 | J33: 50.5 | M33: 38.8 | O33: 50.5 | S33: 55.45
A34: AF | B34: Maya Audi | C34: 10 | D34: G | E34: F | F34: J | G34: 3 | H34: AF | I34: 2 | J34: 58.2 | K34: 58.2 | M34: 56.75
A35: AF | B35: Mina Dowler | C35: 9 | D35: G | E35: F | F35: J | G35: 3 | H35: AF | I35: 2 | J35: 30.7 | K35: 30.7 | S35: 48.75
A36: AF | B36: Sarah Ayscue | C36: 10 | D36: G | E36: F | F36: J | G36: 3 | H36: AF | I36: 2 | J36: 56.95 | Q36: 56.95 | S36: 50.75
A37: AF | B37: Teegan Boone | C37: 10 | D37: G | E37: F | F37: J | G37: 3 | H37: AF | I37: 1 | J37: 38.35 | Q37: 38.35
A38: AF | B38: Anthony Tridico | C38: 14 | D38: B | E38: I | F38: S | G38: 3 | H38: AF | I38: 2 | J38: 83.3 | O38: 58.1 | Q38: 83.3
A39: AF | B39: Tyler Neumann | C39: 13 | D39: B | E39: I | F39: S | G39: 3 | H39: AF | I39: 2 | J39: 64.7 | Q39: 64.7 | S39: 59.3
A40: AF | B40: Atti Rattelman | C40: 14 | D40: G | E40: I | F40: S | G40: 3 | H40: AF | I40: 5 | J40: 129.85 | K40: 124.85 | M40: 129.85 | O40: 125 | Q40: 124 | S40: 145.5 | W40: Y
A41: AF | B41: Ava Canfield | C41: 14 | D41: G | E41: I | F41: S | G41: 3 | H41: AF | I41: 0 | J41: 0
A42: AF | B42: Ava Smialowicz | C42: 13 | D42: G | E42: I | F42: S | G42: 3 | H42: AF | I42: 5 | J42: 155.05 | K42: 136.65 | M42: 134.15 | O42: 155.05 | Q42: 138.85 | S42: 135.9 | W42: Y | X42: Y
A43: AF | B43: Ella Wyman | C43: 14 | D43: G | E43: I | F43: S | G43: 3 | H43: AF | I43: 2 | J43: 116.35 | K43: 106.35 | O43: 116.35
A44: AF | B44: Margot Sellgren | C44: 13 | D44: G | E44: I | F44: S | G44: 3 | H44: AF | I44: 0 | J44: 0
A45: AF | B45: Zi Rattelman | C45: 14 | D45: G | E45: I | F45: S | G45: 3 | H45: AF | I45: 5 | J45: 126.5 | K45: 126.5 | M45: 118.65 | O45: 117.95 | Q45: 120.3 | S45: 113.9 | W45: Y
A46: AF | B46: Colin Canfield | C46: 11 | D46: B | E46: J | F46: I | G46: 3 | H46: AF | I46: 2 | J46: 61.1 | M46: 61.1 | S46: 49.35
A47: AF | B47: David Alves | C47: 11 | D47: B | E47: J | F47: I | G47: 3 | H47: AF | I47: 5 | J47: 81.4 | K47: 76.75 | M47: 81.4 | O47: 76.1 | Q47: 75.8 | S47: 86.95 | W47: Y
A48: AF | B48: Max Cassett | C48: 11 | D48: B | E48: J | F48: I | G48: 3 | H48: AF | I48: 5 | J48: 75.7 | K48: 74.3 | M48: 75.7 | O48: 65.6 | Q48: 73.35 | S48: 77.5
A49: AF | B49: Trevor Green | C49: 11 | D49: B | E49: J | F49: I | G49: 3 | H49: AF | I49: 0 | J49: 0
A50: AF | B50: Alexa Brooke | C50: 12 | D50: G | E50: J | F50: I | G50: 3 | H50: AF | I50: 2 | J50: 73.25 | K50: 55.9 | Q50: 73.25
A51: AF | B51: Charlotte Weir | C51: 11 | D51: G | E51: J | F51: I | G51: 3 | H51: AF | I51: 5 | J51: 90.9 | K51: 80.6 | M51: 90.75 | O51: 81.75 | Q51: 90.9 | S51: 69.75 | W51: Y
A52: AF | B52: Gillian Keating | C52: 12 | D52: G | E52: J | F52: I | G52: 3 | H52: AF | I52: 0 | J52: 0
A53: AF | B53: Gaelen Wood | C53: 18 | D53: B | E53: S | F53: S | G53: 3 | H53: AF | I53: 5 | J53: 138.1 | K53: 112.15 | M53: 138.1 | O53: 135.7 | Q53: 128.3 | S53: 161.2 | W53: Y
A54: AF | B54: Justin Clark | C54: 16 | D54: B | E54: S | F54: S | G54: 3 | H54: AF | I54: 5 | J54: 187.55 | K54: 146.05 | M54: 187.55 | O54: 174.2 | Q54: 159.45 | S54: 191.75 | W54: Y | X54: Y
A55: AF | B55: Neil Murray | C55: 17 | D55: B | E55: S | F55: S | G55: 3 | H55: AF | I55: 3 | J55: 155.5 | O55: 148.25 | Q55: 155.5 | S55: 187.4 | W55: Y
A56: AF | B56: Sam Alves | C56: 16 | D56: B | E56: S | F56: S | G56: 3 | H56: AF | I56: 5 | J56: 134 | K56: 123 | M56: 134 | O56: 123.35 | Q56: 129.3 | S56: 139.1
A57: AF | B57: Annabeth Stokely | C57: 16 | D57: G | E57: S | F57: S | G57: 3 | H57: AF | I57: 1 | J57: 142.1 | K57: 142.1
A58: AF | B58: Christine Siegal | C58: 16 | D58: G | E58: S | F58: S | G58: 3 | H58: AF | I58: 3 | J58: 166.8 | K58: 166.8 | Q58: 164 | S58: 174.55 | W58: Y | X58: Y
A59: CB | B59: Alex Valencic | C59: 8 | D59: B | E59: F | F59: J | G59: 3 | H59: CB | I59: 4 | J59: 84.05 | K59: 71.75 | M59: 67.9 | O59: 73.1 | Q59: 84.05 | W59: Y | X59: Y
A60: CB | B60: Beau Lochmann | C60: 6 | D60: B | E60: F | F60: J | G60: 3 | H60: CB | I60: 0 | J60: 0 | V60: Y
A61: CB | B61: Cameron Parkhomenko | C61: 8 | D61: B | E61: F | F61: J | G61: 3 | H61: CB | I61: 0 | J61: 0 | U61: 44.8
A62: CB | B62: Christian McNeill | C62: 9 | D62: B | E62: F | F62: J | G62: 3 | H62: CB | I62: 1 | J62: 36.55 | Q62: 36.55 | V62: Y
A63: CB | B63: Cole Meadows | C63: 6 | D63: B | E63: F | F63: J | G63: 3 | H63: CB | I63: 0 | J63: 0 | V63: Y
A64: CB | B64: Daniel Hayes | C64: 8 | D64: B | E64: F | F64: J | G64: 3 | H64: CB | I64: 0 | J64: 0 | V64: Y
A65: CB | B65: Daniel Roques | C65: 8 | D65: B | E65: F | F65: J | G65: 3 | H65: CB | I65: 0 | J65: 0 | V65: Y
A66: CB | B66: Gerrit Cohn | C66: 7 | D66: B | E66: F | F66: J | G66: 3 | H66: CB | I66: 0 | J66: 0
A67: CB | B67: Gordon Anderson | C67: 7 | D67: B | E67: F | F67: J | G67: 3 | H67: CB | I67: 0 | J67: 0 | U67: 43.8 | V67: Y
A68: CB | B68: Jackson Winn | C68: 7 | D68: B | E68: F | F68: J | G68: 3 | H68: CB | I68: 0 | J68: 0 | V68: Y
A69: CB | B69: Jake Lewyn | C69: 7 | D69: B | E69: F | F69: J | G69: 3 | H69: CB | I69: 0 | J69: 0 | U69: 25.75 | V69: Y
A70: CB | B70: Jonathan Logan | C70: 8 | D70: B | E70: F | F70: J | G70: 3 | H70: CB | I70: 5 | J70: 57.1 | K70: 53.55 | M70: 57.1 | O70: 50.4 | Q70: 48.8 | S70: 37.25 | U70: 47.9 | V70: Y
A71: CB | B71: Lukas Malachowski | C71: 9 | D71: B | E71: F | F71: J | G71: 3 | H71: CB | I71: 0 | J71: 0 | U71: 26.75 | V71: Y
A72: CB | B72: Mason Beggs | C72: 6 | D72: B | E72: F | F72: J | G72: 3 | H72: CB | I72: 0 | J72: 0 | U72: 32.8 | V72: Y
A73: CB | B73: Matthew Lewyn | C73: 10 | D73: B | E73: F | F73: J | G73: 3 | H73: CB | I73: 0 | J73: 0 | V73: Y
A74: CB | B74: Spencer Mallard | C74: 7 | D74: B | E74: F | F74: J | G74: 3 | H74: CB | I74: 0 | J74: 0 | V74: Y
A75: CB | B75: Stewart Bream | C75: 8 | D75: B | E75: F | F75: J | G75: 3 | H75: CB | I75: 2 | J75: 41.9 | Q75: 41.9 | S75: 43.05 | U75: 51.85 | V75: Y
A76: CB | B76: Thomas Hayes | C76: 8 | D76: B | E76: F | F76: J | G76: 3 | H76: CB | I76: 0 | J76: 0 | V76: Y
A77: CB | B77: Tyler Frederick | C77: 8 | D77: B | E77: F | F77: J | G77: 3 | H77: CB | I77: 1 | J77: 0 | S77: 44.45 | V77: Y
A78: CB | B78: Willem Cohn | C78: 9 | D78: B | E78: F | F78: J | G78: 3 | H78: CB | I78: 2 | J78: 39.8 | M78: 38.55 | O78: 39.8 | V78: Y
A79: CB | B79: William Agnew | C79: 10 | D79: B | E79: F | F79: J | G79: 3 | H79: CB | I79: 3 | J79: 60.65 | M79: 60.65 | Q79: 48.35 | S79: 50.35 | V79: Y
A80: CB | B80: Beckett Swonger | C80: 9 | D80: B | E80: F | F80: J | G80: 3 | H80: CB | I80: 4 | J80: 55.1 | K80: 55.1 | M80: 48.7 | O80: 46.9 | Q80: 21.25 | V80: Y
A81: CB | B81: Abby Benjamin | C81: 9 | D81: G | E81: F | F81: J | G81: 3 | H81: CB | I81: 0 | J81: 0 | V81: Y
A82: CB | B82: Allison Larmee | C82: 8 | D82: G | E82: F | F82: J | G82: 3 | H82: CB | I82: 0 | J82: 0 | U82: 39 | V82: Y
A83: CB | B83: Beatrice Burwell | C83: 7 | D83: G | E83: F | F83: J | G83: 3 | H83: CB | I83: 0 | J83: 0 | V83: Y
A84: CB | B84: Caitlan Beggs | C84: 9 | D84: G | E84: F | F84: J | G84: 3 | H84: CB | I84: 1 | J84: 39.9 | O84: 39.9 | U84: 42.35 | V84: Y
A85: CB | B85: Calla Yim | C85: 9 | D85: G | E85: F | F85: J | G85: 3 | H85: CB | I85: 0 | J85: 0 | V85: Y
A86: CB | B86: Caroline Schwebach | C86: 10 | D86: G | E86: F | F86: J | G86: 3 | H86: CB | I86: 0 | J86: 0 | V86: Y
A87: CB | B87: Elisabeth Beach | C87: 9 | D87: G | E87: F | F87: J | G87: 3 | H87: CB | I87: 4 | J87: 52.7 | M87: 50.65 | O87: 47.35 | Q87: 52.7 | S87: 50.55 | U87: 45.4 | V87: Y
A88: CB | B88: Elise Lucien | C88: 8 | D88: G | E88: F | F88: J | G88: 3 | H88: CB | I88: 0 | J88: 0 | U88: 32.7 | V88: Y
A89: CB | B89: Elizabeth Mallard | C89: 9 | D89: G | E89: F | F89: J | G89: 3 | H89: CB | I89: 0 | J89: 0 | V89: Y
A90: CB | B90: Ella Lewyn | C90: 7 | D90: G | E90: F | F90: J | G90: 3 | H90: CB | I90: 0 | J90: 0 | U90: 24.05 | V90: Y
A91: CB | B91: Ellie Cooney | C91: 9 | D91: G | E91: F | F91: J | G91: 3 | H91: CB | I91: 0 | J91: 0 | V91: Y
A92: CB | B92: Hailey Duhamel | C92: 9 | D92: G | E92: F | F92: J | G92: 3 | H92: CB | I92: 0 | J92: 0 | V92: Y
A93: CB | B93: Jordan Meadows | C93: 9 | D93: G | E93: F | F93: J | G93: 3 | H93: CB | I93: 0 | J93: 0 | V93: Y
A94: CB | B94: Julia Hassi | C94: 7 | D94: G | E94: F | F94: J | G94: 3 | H94: CB | I94: 0 | J94: 0 | U94: 19.5 | V94: Y
A95: CB | B95: Kelly Keough | C95: 9 | D95: G | E95: F | F95: J | G95: 3 | H95: CB | I95: 5 | J95: 58.9 | K95: 57.7 | M95: 51.6 | O95: 53.45 | Q95: 58.9 | S95: 55.7 | W95: Y
A96: CB | B96: Madison Cooley | C96: 7 | D96: G | E96: F | F96: J | G96: 3 | H96: CB | I96: 0 | J96: 0 | V96: Y
A97: CB | B97: Marie Christofferson | C97: 7 | D97: G | E97: F | F97: J | G97: 3 | H97: CB | I97: 0 | J97: 0 | V97: Y
A98: CB | B98: Matalyn Creech | C98: 8 | D98: G | E98: F | F98: J | G98: 3 | H98: CB | I98: 0 | J98: 0 | V98: Y
A99: CB | B99: Meghan McMahon | C99: 9 | D99: G | E99: F | F99: J | G99: 3 | H99: CB | I99: 0 | J99: 0 | V99: Y
A100: CB | B100: Mia Winn | C100: 6 | D100: G | E100: F | F100: J | G100: 3 | H100: CB | I100: 0 | J100: 0 | V100: Y
...

Sheet CJScoresSummary
A1: =IFERROR(__xludf.DUMMYFUNCTION("sort(importrange(""https://docs.google.com/a/marlinmultimedia.com/spreadsheets/d/1oSDZlRpKI1Rl18gp2l040IpPIw0MfV9v42_cGvRLN3k/edit"",""Lookup-Diver-Secure!$i$1:$o$2000""),1,true,5,true,4,true,2,true)"),"!DiverTeam: 1860 Entries") -> !DiverTeam: 1860 Entries | B1: !DiverName: 1860 Entries | C1: !DiverAgeOn61: 1860 Entries | D1: DiverGender: 1860 Entries G:1018 B:842 | E1: !Calculated DiverEvent F:984 J:407 I:257 S:212 #N/A:0 | F1: Calculated DiveUpEvent | G1: Division Lookup | H1: =TEXT(MeetResults!#REF!,"mm/dd/yy")&" Dive Results Raw" -> #REF! | I1: =TEXT(MeetResults!#REF!,"mm/dd/yy")&" CJ Meet Results" -> #REF!
A2: !DO NOT DELETE
A3: A | B3: Ben Tran | C3: 8 | D3: B | E3: F | F3: J | G3: 8 | H3: =IF($B3>"''",IF(ISNA(VLOOKUP($B3,MeetResults!$D:$F,3,0)),"",VLOOKUP($B3,MeetResults!$D:$F,3,0))&IF(ISNA(VLOOKUP($B3,MeetResults!$P:$R,3,0)),"",VLOOKUP($B3,MeetResults!$P:$R,3,0)),"") | I3: =IF($H3="","",IF($H3="DQ","DQ",VALUE($H3)))
A4: A | B4: Brian Tran | C4: 10 | D4: B | E4: F | F4: J | G4: 8 | H4: =IF($B4>"''",IF(ISNA(VLOOKUP($B4,MeetResults!$D:$F,3,0)),"",VLOOKUP($B4,MeetResults!$D:$F,3,0))&IF(ISNA(VLOOKUP($B4,MeetResults!$P:$R,3,0)),"",VLOOKUP($B4,MeetResults!$P:$R,3,0)),"") | I4: =IF($H4="","",IF($H4="DQ","DQ",VALUE($H4)))
A5: A | B5: Cody Tran | C5: 8 | D5: B | E5: F | F5: J | G5: 8 | H5: =IF($B5>"''",IF(ISNA(VLOOKUP($B5,MeetResults!$D:$F,3,0)),"",VLOOKUP($B5,MeetResults!$D:$F,3,0))&IF(ISNA(VLOOKUP($B5,MeetResults!$P:$R,3,0)),"",VLOOKUP($B5,MeetResults!$P:$R,3,0)),"") | I5: =IF($H5="","",IF($H5="DQ","DQ",VALUE($H5)))
A6: A | B6: Bridget Bushman | C6: 10 | D6: G | E6: F | F6: J | G6: 8 | H6: =IF($B6>"''",IF(ISNA(VLOOKUP($B6,MeetResults!$D:$F,3,0)),"",VLOOKUP($B6,MeetResults!$D:$F,3,0))&IF(ISNA(VLOOKUP($B6,MeetResults!$P:$R,3,0)),"",VLOOKUP($B6,MeetResults!$P:$R,3,0)),"") | I6: =IF($H6="","",IF($H6="DQ","DQ",VALUE($H6)))
A7: A | B7: Celine Tran | C7: 7 | D7: G | E7: F | F7: J | G7: 8 | H7: =IF($B7>"''",IF(ISNA(VLOOKUP($B7,MeetResults!$D:$F,3,0)),"",VLOOKUP($B7,MeetResults!$D:$F,3,0))&IF(ISNA(VLOOKUP($B7,MeetResults!$P:$R,3,0)),"",VLOOKUP($B7,MeetResults!$P:$R,3,0)),"") | I7: =IF($H7="","",IF($H7="DQ","DQ",VALUE($H7)))
A8: A | B8: Crystal Tran | C8: 10 | D8: G | E8: F | F8: J | G8: 8 | H8: =IF($B8>"''",IF(ISNA(VLOOKUP($B8,MeetResults!$D:$F,3,0)),"",VLOOKUP($B8,MeetResults!$D:$F,3,0))&IF(ISNA(VLOOKUP($B8,MeetResults!$P:$R,3,0)),"",VLOOKUP($B8,MeetResults!$P:$R,3,0)),"") | I8: =IF($H8="","",IF($H8="DQ","DQ",VALUE($H8)))
A9: A | B9: Jolie Nguyen | C9: 9 | D9: G | E9: F | F9: J | G9: 8 | H9: =IF($B9>"''",IF(ISNA(VLOOKUP($B9,MeetResults!$D:$F,3,0)),"",VLOOKUP($B9,MeetResults!$D:$F,3,0))&IF(ISNA(VLOOKUP($B9,MeetResults!$P:$R,3,0)),"",VLOOKUP($B9,MeetResults!$P:$R,3,0)),"") | I9: =IF($H9="","",IF($H9="DQ","DQ",VALUE($H9)))
A10: A | B10: Anna Bushman | C10: 13 | D10: G | E10: I | F10: S | G10: 8 | H10: =IF($B10>"''",IF(ISNA(VLOOKUP($B10,MeetResults!$D:$F,3,0)),"",VLOOKUP($B10,MeetResults!$D:$F,3,0))&IF(ISNA(VLOOKUP($B10,MeetResults!$P:$R,3,0)),"",VLOOKUP($B10,MeetResults!$P:$R,3,0)),"") | I10: =IF($H10="","",IF($H10="DQ","DQ",VALUE($H10)))
A11: A | B11: Lillian Mills | C11: 14 | D11: G | E11: I | F11: S | G11: 8 | H11: =IF($B11>"''",IF(ISNA(VLOOKUP($B11,MeetResults!$D:$F,3,0)),"",VLOOKUP($B11,MeetResults!$D:$F,3,0))&IF(ISNA(VLOOKUP($B11,MeetResults!$P:$R,3,0)),"",VLOOKUP($B11,MeetResults!$P:$R,3,0)),"") | I11: =IF($H11="","",IF($H11="DQ","DQ",VALUE($H11)))
A12: A | B12: Rachel Tran | C12: 14 | D12: G | E12: I | F12: S | G12: 8 | H12: =IF($B12>"''",IF(ISNA(VLOOKUP($B12,MeetResults!$D:$F,3,0)),"",VLOOKUP($B12,MeetResults!$D:$F,3,0))&IF(ISNA(VLOOKUP($B12,MeetResults!$P:$R,3,0)),"",VLOOKUP($B12,MeetResults!$P:$R,3,0)),"") | I12: =IF($H12="","",IF($H12="DQ","DQ",VALUE($H12)))
A13: A | B13: Darren Nguyen | C13: 11 | D13: B | E13: J | F13: I | G13: 8 | H13: =IF($B13>"''",IF(ISNA(VLOOKUP($B13,MeetResults!$D:$F,3,0)),"",VLOOKUP($B13,MeetResults!$D:$F,3,0))&IF(ISNA(VLOOKUP($B13,MeetResults!$P:$R,3,0)),"",VLOOKUP($B13,MeetResults!$P:$R,3,0)),"") | I13: =IF($H13="","",IF($H13="DQ","DQ",VALUE($H13)))
A14: A | B14: Matthew Tran | C14: 12 | D14: B | E14: J | F14: I | G14: 8 | H14: =IF($B14>"''",IF(ISNA(VLOOKUP($B14,MeetResults!$D:$F,3,0)),"",VLOOKUP($B14,MeetResults!$D:$F,3,0))&IF(ISNA(VLOOKUP($B14,MeetResults!$P:$R,3,0)),"",VLOOKUP($B14,MeetResults!$P:$R,3,0)),"") | I14: =IF($H14="","",IF($H14="DQ","DQ",VALUE($H14)))
... A1862: WG | B1862: Shelby Clardy | C1862: 18 | D1862: G | E1862: S | F1862: S | G1862: 1 | H1862: =IF($B1862>"''",IF(ISNA(VLOOKUP($B1862,MeetResults!$D:$F,3,0)),"",VLOOKUP($B1862,MeetResults!$D:$F,3,0))&IF(ISNA(VLOOKUP($B1862,MeetResults!$P:$R,3,0)),"",VLOOKUP($B1862,MeetResults!$P:$R,3,0)),"") | I1862: =IF($H1862="","",IF($H1862="DQ","DQ",VALUE($H1862)))
H1863: =IF($B1863>"''",IF(ISNA(VLOOKUP($B1863,MeetResults!$D:$F,3,0)),"",VLOOKUP($B1863,MeetResults!$D:$F,3,0))&IF(ISNA(VLOOKUP($B1863,MeetResults!$P:$R,3,0)),"",VLOOKUP($B1863,MeetResults!$P:$R,3,0)),"") | I1863: =IF($H1863="","",IF($H1863="DQ","DQ",VALUE($H1863)))
H1864: =IF($B1864>"''",IF(ISNA(VLOOKUP($B1864,MeetResults!$D:$F,3,0)),"",VLOOKUP($B1864,MeetResults!$D:$F,3,0))&IF(ISNA(VLOOKUP($B1864,MeetResults!$P:$R,3,0)),"",VLOOKUP($B1864,MeetResults!$P:$R,3,0)),"") | I1864: =IF($H1864="","",IF($H1864="DQ","DQ",VALUE($H1864)))
H1865: =IF($B1865>"''",IF(ISNA(VLOOKUP($B1865,MeetResults!$D:$F,3,0)),"",VLOOKUP($B1865,MeetResults!$D:$F,3,0))&IF(ISNA(VLOOKUP($B1865,MeetResults!$P:$R,3,0)),"",VLOOKUP($B1865,MeetResults!$P:$R,3,0)),"") | I1865: =IF($H1865="","",IF($H1865="DQ","DQ",VALUE($H1865)))
H1866: =IF($B1866>"''",IF(ISNA(VLOOKUP($B1866,MeetResults!$D:$F,3,0)),"",VLOOKUP($B1866,MeetResults!$D:$F,3,0))&IF(ISNA(VLOOKUP($B1866,MeetResults!$P:$R,3,0)),"",VLOOKUP($B1866,MeetResults!$P:$R,3,0)),"") | I1866: =IF($H1866="","",IF($H1866="DQ","DQ",VALUE($H1866)))
H1867: =IF($B1867>"''",IF(ISNA(VLOOKUP($B1867,MeetResults!$D:$F,3,0)),"",VLOOKUP($B1867,MeetResults!$D:$F,3,0))&IF(ISNA(VLOOKUP($B1867,MeetResults!$P:$R,3,0)),"",VLOOKUP($B1867,MeetResults!$P:$R,3,0)),"") | I1867: =IF($H1867="","",IF($H1867="DQ","DQ",VALUE($H1867)))
H1868: =IF($B1868>"''",IF(ISNA(VLOOKUP($B1868,MeetResults!$D:$F,3,0)),"",VLOOKUP($B1868,MeetResults!$D:$F,3,0))&IF(ISNA(VLOOKUP($B1868,MeetResults!$P:$R,3,0)),"",VLOOKUP($B1868,MeetResults!$P:$R,3,0)),"") | I1868: =IF($H1868="","",IF($H1868="DQ","DQ",VALUE($H1868)))
H1869: =IF($B1869>"''",IF(ISNA(VLOOKUP($B1869,MeetResults!$D:$F,3,0)),"",VLOOKUP($B1869,MeetResults!$D:$F,3,0))&IF(ISNA(VLOOKUP($B1869,MeetResults!$P:$R,3,0)),"",VLOOKUP($B1869,MeetResults!$P:$R,3,0)),"") | I1869: =IF($H1869="","",IF($H1869="DQ","DQ",VALUE($H1869)))
H1870: =IF($B1870>"''",IF(ISNA(VLOOKUP($B1870,MeetResults!$D:$F,3,0)),"",VLOOKUP($B1870,MeetResults!$D:$F,3,0))&IF(ISNA(VLOOKUP($B1870,MeetResults!$P:$R,3,0)),"",VLOOKUP($B1870,MeetResults!$P:$R,3,0)),"") | I1870: =IF($H1870="","",IF($H1870="DQ","DQ",VALUE($H1870)))
H1871: =IF($B1871>"''",IF(ISNA(VLOOKUP($B1871,MeetResults!$D:$F,3,0)),"",VLOOKUP($B1871,MeetResults!$D:$F,3,0))&IF(ISNA(VLOOKUP($B1871,MeetResults!$P:$R,3,0)),"",VLOOKUP($B1871,MeetResults!$P:$R,3,0)),"") | I1871: =IF($H1871="","",IF($H1871="DQ","DQ",VALUE($H1871)))
H1872: =IF($B1872>"''",IF(ISNA(VLOOKUP($B1872,MeetResults!$D:$F,3,0)),"",VLOOKUP($B1872,MeetResults!$D:$F,3,0))&IF(ISNA(VLOOKUP($B1872,MeetResults!$P:$R,3,0)),"",VLOOKUP($B1872,MeetResults!$P:$R,3,0)),"") | I1872: =IF($H1872="","",IF($H1872="DQ","DQ",VALUE($H1872)))
H1873: =IF($B1873>"''",IF(ISNA(VLOOKUP($B1873,MeetResults!$D:$F,3,0)),"",VLOOKUP($B1873,MeetResults!$D:$F,3,0))&IF(ISNA(VLOOKUP($B1873,MeetResults!$P:$R,3,0)),"",VLOOKUP($B1873,MeetResults!$P:$R,3,0)),"") | I1873: =IF($H1873="","",IF($H1873="DQ","DQ",VALUE($H1873)))
H1874: =IF($B1874>"''",IF(ISNA(VLOOKUP($B1874,MeetResults!$D:$F,3,0)),"",VLOOKUP($B1874,MeetResults!$D:$F,3,0))&IF(ISNA(VLOOKUP($B1874,MeetResults!$P:$R,3,0)),"",VLOOKUP($B1874,MeetResults!$P:$R,3,0)),"") | I1874: =IF($H1874="","",IF($H1874="DQ","DQ",VALUE($H1874)))
... H1900: =IF($B1900>"''",IF(ISNA(VLOOKUP($B1900,MeetResults!$D:$F,3,0)),"",VLOOKUP($B1900,MeetResults!$D:$F,3,0))&IF(ISNA(VLOOKUP($B1900,MeetResults!$P:$R,3,0)),"",VLOOKUP($B1900,MeetResults!$P:$R,3,0)),"") | I1900: =IF($H1900="","",IF($H1900="DQ","DQ",VALUE($H1900)))
